 Dungeon Crawl Stone Soup version 0.30-a0-591-g3c58d2bc28 (webtiles) character file.

Game seed: 18291141306930497386

4154 OTABOTABOTAB the Changer (level 10, -11/69 HPs)
             Began as an Octopode Transmuter on Jan 4, 2023.
             Was an Initiate of Gozag.
             Killed from afar by an acid dragon (27 damage)
             ... with a splash of acid
             ... on level 7 of the Dungeon.
             The game lasted 00:32:11 (7570 turns).

OTABOTABOTAB the Changer (Octopode Transmuter)      Turns: 7570, Time: 00:32:11

Health: -11/69     AC:  2    Str: 10    XL:     10   Next: 28%
Magic:  13/15      EV: 24    Int: 18    God:    Gozag
Gold:   324        SH:  0    Dex: 19    Spells: 5/15 levels left

rFire   + . .      SeeInvis +      - Unarmed
rCold   . . .      Faith    .    (shield currently unavailable)
rNeg    . . .      Spirit   .    (helmet currently unavailable)
rPois   x          Reflect  .    m - amulet of regeneration
rElec   .          Harm     .    F - ring of protection from fire {rF+, !d}
rCorr   .          Rampage  .    V - ring of see invisible {sInv, !d}
Will    .....                    (no ring)
Stlth   ++                       (no ring)
HPRegen 1.11/turn                (no ring)
MPRegen 0.14/turn                (no ring)
                                 (no ring)
                                 (no ring)

@: spider-form
A: venomous fangs, almost no armour, (amphibious), 8 rings, tiny, (camouflage
1), (gelatinous body 1), (nimble swimmer 1), (tentacles)
a: End Transformation, Renounce Religion, Potion Petition, Call Merchant, Bribe
Branch


You were on level 7 of the Dungeon.
You worshipped Gozag.
Gozag was aware of your devotion.
You were a venomous arachnid creature.
You visited 2 branches of the dungeon, and saw 11 of its levels.
You also visited: Sewer.

You collected 616 gold pieces.
You paid 292 gold pieces to Gozag.

Inventory:

Hand Weapons
 b - a +3 mace (melded)
   (You found it on level 1 of the Dungeon)
Missiles
 d - 17 poisoned darts (quivered)
 j - 4 atropa-tipped darts
 k - 2 javelins
 s - 47 stones
 y - a curare-tipped dart
 z - 4 boomerangs
Armour
 i - the +1 hat of the Battered Violins (melded) {Int+2 Slay+5}
   (You acquired it on level 6 of the Dungeon)

   Int:       It affects your intelligence (+2).
   Slay:      It affects your accuracy & damage with ranged weapons and melee
   (+5).
Magical Staves
 v - a staff of earth
   (You found it on level 5 of the Dungeon)
Jewellery
 m - an amulet of regeneration (around neck)
   (You found it on level 2 of the Dungeon)
 F - a ring of protection from fire (left front leg) {rF+, !d}
   (You found it on level 1 of the Dungeon)
 V - a ring of see invisible (right front leg) {sInv, !d}
   (You found it on level 6 of the Dungeon)
Wands
 e - a wand of charming (14)
   (You found it on level 2 of the Dungeon)
 h - a wand of acid (8)
   (You took it off a kobold brigand on level 7 of the Dungeon)
 q - a wand of flame (28)
   (You took it off a centaur on level 8 of the Dungeon)
Scrolls
 a - 3 scrolls of magic mapping {unknown}
 g - a scroll of blinking {unknown}
 l - 3 scrolls of identify {@r1}
 p - a scroll of poison {unknown}
 r - 2 scrolls of fear {unknown}
 t - 2 scrolls of fog {unknown}
 w - 2 scrolls of brand weapon {unknown}
 x - a scroll of enchant weapon {unknown}
Potions
 c - 2 potions of attraction {!q}
 f - a potion of resistance {unknown}
 n - a potion of flight {unknown}
 u - a potion of magic {unknown}
 A - a potion of cancellation {unknown}
 B - 4 potions of brilliance
 G - 4 potions of ambrosia {!q}
 H - 2 potions of haste
 J - 3 potions of curing {@q1}
 M - 3 potions of might
 N - a potion of heal wounds {@q2}
 P - a potion of lignification {!q}
 U - 2 potions of mutation {!q}


   Skills:
 + Level 6.5 Fighting
 + Level 6.5 Dodging
 + Level 6.5 Unarmed Combat
 - Level 3.3 Spellcasting
 + Level 7.5 Transmutations
 - Level 5.0 Ice Magic
 - Level 3.0 Poison Magic


You had 5 spell levels left.
You knew the following spells:

 Your Spells              Type           Power      Damage    Failure   Level
a - Beastly Appendage     Tmut           60%        N/A       4%          1
b - Wereblood             Tmut           30%        N/A       5%          2
c - Spider Form           Tmut/Pois      22%        N/A       16%         3
d - Ice Form              Ice/Tmut       25%        N/A       28%         4

Your spell library contained the following spells:

 Spells                   Type           Power      Damage    Failure   Level
 Ozocubu's Armour         Ice            21%        N/A       17%         3
 Summon Small Mammal      Summ           12%        N/A       34%         1
 Call Canine Familiar     Summ           3%         N/A       65%         3
 Inner Flame              Hex/Fire       3%         N/A       65%         3
 Summon Guardian Golem    Hex/Summ       3%         N/A       65%         3
 Cause Fear               Hex            1%         N/A       94%         4
 Ozocubu's Refrigeration  Ice            10%        4d9       100%        7
 Discord                  Hex            1%         N/A       100%        8


Dungeon Overview and Level Annotations

Branches:
Dungeon (10/15)            Temple (1/1) D:6           Sewer (visited)
   Lair: D:8-11         Orc: D:9-12

Altars:
Ashenzari
Cheibriados
Dithmenos
Elyvilon
Fedhas
Gozag
Hepliaklqana
Kikubaaqudgha
Makhleb
Nemelex Xobeh
Okawaru
Ru
Sif Muna
Trog
Uskayaw
Vehumet
Wu Jian
Yredelemnul
The Shining One

Shops:
D:2 (


Innate Abilities, Weirdness & Mutations

You are a venomous arachnid creature.
You have poisonous fangs.
You are tiny and dextrous.
Your spellcasting is less reliable in this form.
Your armour is entirely melded.
You are incapable of wielding weapons or throwing items.
You cannot wear most types of armour.
((You are amphibious.))
You can wear up to eight rings at the same time.
((Your skin changes colour to match your surroundings (Stealth+).))
((Your rubbery body absorbs attacks. (AC +1, EV +1)))
((You are camouflaged when in or above water. (Stealth+)))
((You have tentacles for arms and can constrict up to eight enemies at once.))


Message History

You throw a poisoned dart. The poisoned dart hits the white imp.
The white imp is poisoned.
The white imp shouts!
You throw a poisoned dart.
The poisoned dart barely misses the white imp.
You throw a poisoned dart. The poisoned dart hits the white imp.
You throw a poisoned dart.
The poisoned dart closely misses the white imp.
You turn into a venomous arachnid creature.
Your +3 mace melds into your body.
The +1 hat of the Battered Violins {Int+2 Slay+5} melds into your body.
The white imp looks more healthy.
The white imp gestures at you. The puff of frost hits you!
You take 13 damage, and have 56/69 hp.
You now have 12/15 mp.
You hit the white imp but do no damage. The white imp completely misses you.
You barely miss the white imp. The white imp closely misses you.
You hit the white imp. The white imp completely misses you.
Unknown command.
You barely miss the white imp. The white imp gestures at you.
The puff of frost misses you.
You hit the white imp but do no damage.
The white imp is poisoned.
The white imp gestures at you. The puff of frost misses you.
You hit the white imp but do no damage. You barely miss the white imp.
The white imp gestures at you. The puff of frost hits you!
You take 9 damage, and have 55/69 hp.
You barely miss the white imp. The white imp gestures at you.
The puff of frost misses you.
You hit the white imp but do no damage. The white imp completely misses you.
You bite the white imp!
You kill the white imp!
Your transformation has ended.
Your +3 mace unmelds from your body.
The +1 hat of the Battered Violins {Int+2 Slay+5} unmelds from your body.
Okay, then.
Unknown command.
You now have 324 gold pieces (gained 4).
An acid dragon comes into view.
Health restored: 69; MP restored: 15 An acid dragon is nearby!
An acid dragon is nearby!
An acid dragon is nearby!
You throw a poisoned dart.
The poisoned dart barely misses the acid dragon.
The acid dragon roars!
The acid dragon spits acid at you. The splash of acid hits you!
The acid corrodes you!
You take 17 damage, and have 52/69 hp.
MASSIVE DAMAGE!!
The acid dragon spits acid at you. The splash of acid hits you!!
You take 21 damage, and have 33/69 hp.
MASSIVE DAMAGE!!
You see here a book of Hexes.
You pick up a book of Hexes and begin reading...
You add the spells Inner Flame, Cause Fear and Discord to your library.
You regained 2 hp, and now have 39/69 hp.
The acid dragon spits acid at you. The splash of acid hits you!!
* * * LOW HITPOINT WARNING * * *
You take 21 damage, and have 19/69 hp.
MASSIVE DAMAGE!!
You feel much better.
You are no longer corroded.
You regained 12 hp, and now have 33/69 hp.
You turn into a venomous arachnid creature.
Your +3 mace melds into your body.
The +1 hat of the Battered Violins {Int+2 Slay+5} melds into your body.
You now have 12/15 mp.
You hit the acid dragon.
The acid dragon is poisoned.
The acid dragon completely misses you. The acid dragon claws you.
You take 3 damage, and have 33/69 hp.
You hit the acid dragon.
The acid dragon bites you but does no damage.
The acid dragon completely misses you.
You bite the acid dragon! The acid dragon bites you.
The acid dragon misses you.
You hit the acid dragon but do no damage.
You barely miss the acid dragon. The acid dragon spits acid at you.
The splash of acid hits you!
* * * LOW HITPOINT WARNING * * *
You hear a shout!
You take 15 damage, and have 20/69 hp.
MASSIVE DAMAGE!!
You hit the acid dragon but do no damage.
The acid dragon bites you.
* * * LOW HITPOINT WARNING * * *
The acid dragon barely misses you.
You take 5 damage, and have 15/69 hp.
You bite the acid dragon! The acid dragon spits acid at you.
The splash of acid hits you!!
You die...
Your body crumbles into a pile of gold.

#...##..###########....♣...♣.....
"...###..## ##..#........≈.≈.
......##..#######..##...≈.≈..(...
#.#....##.#..........[......♣..!♣
............####.#####...♣....≈..
.......##...#....# #......♣(.§♣
.................# #..≈.§...§§.
........#..#.....# #.......≈.≈.
......#.##......s# #.♣§.$♣..§..
#...............D#####...≈....♣§.
#....................D.♣...♣....§
#..........#......#..#.......≈.≈§
+....................##.≈$≈......
#..............#####.##..§..♣.(.
##..............# #.....♣....≈.
#...............# #####....♣...
..##...<........# #.≈....


You could see an acid dragon (poisoned, catching breath).

Vanquished Creatures
  A two-headed ogre (D:10)
  A kobold demonologist (D:10)
  Sigmund (D:6)
  3 yaks (D:8)
  A steam dragon (D:6)
  Edmund (D:6)
  3 orc warriors
  A sky beast (D:7)
  3 ice beasts
  2 black bears (D:5)
  An ogre (D:5)
  2 centaurs
  3 kobold brigands
  A bullfrog (D:7)
  A gnoll sergeant (D:10)
  3 scorpions
  An electric eel (D:10)
  A howler monkey (D:8)
  7 orc priests
  3 hounds
  2 iguanas (D:5)
  6 orc wizards
  Robin (D:2)
  4 gnolls (D:10)
  10 adders
  4 river rats (Sewer)
  A shadow imp (D:6)
  A white imp (D:7)
  The ghost of Esekla the Sneak, a weakling OpDe (D:5)
  3 dart slugs
  27 orcs
  15 ball pythons
  6 endoplasms
  2 giant cockroaches
  18 goblins
  8 hobgoblins
  2 jackals (D:4)
  24 kobolds
  6 quokkas
  5 bats
  4 frilled lizards
  26 rats
216 creatures vanquished.

Vanquished Creatures (others)
  An orc wizard (D:7)
  4 plants
5 creatures vanquished.

Grand Total: 221 creatures vanquished

Notes
Turn   | Place    | Note
-------+----------+-------------------------------------------
     0 | D:1      | OTABOTABOTAB the Octopode Transmuter began the quest for
                  | the Orb.
     0 | D:1      | Reached XP level 1. HP: 13/13 MP: 3/3
   157 | D:1      | Reached XP level 2. HP: 18/18 MP: 1/5
   161 | D:1      | Learned a level 2 spell: Wereblood
   281 | D:1      | Reached skill level 1 in Poison Magic
   507 | D:1      | Reached XP level 3. HP: 23/23 MP: 4/6
   794 | D:1      | Learned a level 3 spell: Spider Form
  1106 | D:2      | Reached skill level 2 in Poison Magic
  1332 | D:2      | Noticed Robin
  1343 | D:2      | Reached XP level 4. HP: 28/28 MP: 2/7
  1352 | D:2      | Killed Robin
  1414 | D:2      | Found Asecrero's Weapon Shoppe.
  1428 | D:2      | Reached skill level 3 in Transmutations
  1671 | D:2      | Found a faded altar of an unknown god.
  1883 | D:3      | Reached skill level 4 in Unarmed Combat
  1975 | D:3      | Reached skill level 3 in Poison Magic
  2085 | D:3      | Reached XP level 5. HP: 33/33 MP: 6/8
  3078 | D:4      | Reached skill level 3 in Spellcasting
  3078 | D:4      | Reached skill level 4 in Transmutations
  3078 | D:4      | Reached XP level 6. HP: 34/38 MP: 4/10
  3554 | D:5      | Entered Level 5 of the Dungeon
  3572 | D:5      | Learned a level 4 spell: Ice Form
  3573 | D:5      | Noticed a black bear
  3661 | D:5      | Reached skill level 1 in Ice Magic
  3710 | D:5      | Killed a black bear
  3711 | D:5      | Reached XP level 7. HP: 36/44 MP: 8/12
  3804 | D:5      | Found a glowing drain.
  3809 | Sewer    | Entered a sewer
  3850 | Sewer    | Reached skill level 2 in Ice Magic
  3924 | Sewer    | Reached skill level 2 in Fighting
  4308 | Sewer    | Reached skill level 3 in Dodging
  4565 | D:5      | Reached skill level 3 in Ice Magic
  4719 | D:5      | Found a runed translucent door.
  4755 | D:5      | Reached XP level 8. HP: 45/51 MP: 10/13
  4863 | D:5      | Reached skill level 5 in Unarmed Combat
  4867 | D:5      | Found a burning altar of Makhleb.
  4875 | D:5      | Reached skill level 3 in Fighting
  4875 | D:5      | Reached skill level 4 in Ice Magic
  5295 | D:5      | Noticed Esekla's ghost (weakling OpDe)
  5307 | D:5      | Killed Esekla's ghost
  5491 | D:6      | Found a shadowy altar of Dithmenos.
  5600 | D:6      | Noticed Sigmund
  5617 | D:6      | Killed Sigmund
  5618 | D:6      | Reached skill level 4 in Dodging
  5618 | D:6      | Reached skill level 5 in Ice Magic
  5644 | D:6      | Noticed Edmund
  5653 | D:6      | Killed Edmund
  5654 | D:6      | Reached skill level 4 in Fighting
  5760 | D:6      | Reached skill level 5 in Dodging
  5760 | D:6      | Reached XP level 9. HP: 31/60 MP: 12/14
  5841 | D:6      | Reached skill level 5 in Fighting
  5977 | D:6      | Found a staircase to the Ecumenical Temple.
  6006 | D:6      | Reached skill level 5 in Transmutations
  6013 | Temple   | Entered the Ecumenical Temple
  6288 | D:6      | Identified a scroll of acquirement
  6288 | D:6      | Acquired the +1 hat of the Battered Violins {Int+2 Slay+5}
  6430 | D:7      | You fall into a shaft and drop 3 floors!
  6430 | D:10     | Entered Level 10 of the Dungeon
  6430 | D:10     | Found a sacrificial altar of Ru.
  6491 | D:10     | Found an iron altar of Okawaru.
  6496 | D:10     | Noticed a two-headed ogre
  6526 | D:10     | Noticed a kobold demonologist
  6540 | D:10     | Noticed a red devil
  6541 | D:10     | Killed a kobold demonologist
  6573 | D:10     | HP: 14/61 [two-headed ogre/+0 giant club (19)]
  6592 | D:10     | Killed a two-headed ogre
  6593 | D:10     | Reached skill level 6 in Transmutations
  6628 | D:10     | HP: 15/62 [gnoll/+0 flail of distortion[a gnoll sergeant]
                  | (22)]
  6673 | D:10     | Reached skill level 6 in Fighting
  6679 | D:10     | Reached skill level 6 in Dodging
  6679 | D:10     | Reached skill level 6 in Unarmed Combat
  6829 | D:8      | HP: 7/62 [centaur/arrow (13)]
  6917 | D:8      | Reached XP level 10. HP: 68/68 MP: 10/15
  6927 | D:8      | Reached skill level 7 in Transmutations
  7267 | D:7      | Found an opulent altar of Gozag.
  7272 | D:7      | Became a worshipper of Gozag Ym Sagoz the Greedy
  7460 | D:7      | Found a basalt altar of Yredelemnul.
  7569 | D:7      | HP: 15/69 [acid dragon (6)]
  7570 | D:7      | Killed from afar by an acid dragon

Illustrated notes

Levels and vault maps discovered:
D:1:      enne_arrival_octagon_isle, layout_basic, st_stairs_11
D:2:      layout_basic, dilly_ecumenical_altar_fadedgnrine, serial_shops, shop,
          kennysheep_cross_bottleneck, uniq_robin
D:3:      layout_basic
D:4:      kennysheep_six_static_rooms, layout_basic
D:5:      layout_basic, nicolae_overflow_crystal_walls, portal_sewer_entry_e,
          ebering_ghost_reflecting_pool
D:6:      layout_gridville, mainiacjoe_overflow_brackets,
          minmay_temple_entry_waves, sigmund_edmund_badplayer
D:7:      layout_rooms, nicolae_gozag_cash_rules_everything_around_me,
          amcnicky_altar_gilded, nicolae_kite_square_tiling_tiny,
          amcnicky_mini_corridor_feature, kennysheep_generic_room_13
D:8:      layout_cave_pools, chequers_mini_garden
D:9:      layout_basic, led_xom_imps, minmay_misc_feat_diagonals
D:10:     layout_roguey [special_room_orc], mainiacjoe_overflow_catwalk,
          general_overflow_altar, nicolae_overflow_squiral, erik_lair_dragon,
          nzn_ghost_randoct, hangedman_decor_growths
Temple:   nicolae_temple_god_jail

Skill      XL: |  1  2  3  4  5  6  7  8  9 10 |
---------------+-------------------------------+-----
Poison Magic   | 1 2 3 |  3.0
Transmutations | 3 4 6 7 |  7.5
Unarmed Combat | 4 5 6 |  6.5
Spellcasting   | 3 |  3.3
Ice Magic      | 1 3 5 |  5.0
Fighting       | 2 4 6 |  6.5
Dodging        | 3 5 6 |  6.5

Action                   |  1- 3 |  4- 6 |  7- 9 | 10-12 || total
-------------------------+-------+-------+-------+-------++-------
Melee: Unarmed           |    30 |    79 |   284 |    77 ||   470
       Kick              |    10 |     4 |       |       ||    14
       Constrict         |    12 |     5 |    12 |       ||    29
       Tentacles         |     7 |     5 |     7 |     1 ||    20
       Punch             |     3 |       |       |       ||     3
       Mace              |    46 |    18 |    36 |     2 ||   102
Throw: Javelin           |    21 |    16 |     3 |       ||    40
       Stone             |       |     1 |       |       ||     1
       Dart              |       |     6 |    22 |    18 ||    46
       Boomerang         |       |     2 |    66 |       ||    68
 Cast: Beastly Appendage |    23 |    10 |     2 |       ||    35
       Wereblood         |     3 |     1 |    11 |     3 ||    18
       Spider Form       |     2 |    12 |    30 |    10 ||    54
 Abil: End Transformatio |    20 |    16 |    26 |     8 ||    70
  Use: Scroll            |       |     6 |     8 |       ||    14
       Potion            |       |       |     5 |     1 ||     6
 Stab: Sleeping          |     4 |       |     1 |       ||     5
Armor: Skin              |     6 |     7 |    10 |     4 ||    27
Dodge: Dodged            |    50 |    80 |   327 |    65 ||   522

Table legend: (Time is in decaauts)
 A = Elapsed time spent in this place.
 B = Non-inter-level travel time spent in this place.
 C = Inter-level travel time spent in this place.
 D = Time resting spent in this place.
 E = Time spent auto-exploring this place.
 F = Levels seen in this place.
 G = Mean time per level.
                   A        B        C        D        E       F      G
               +--------+--------+--------+--------+--------+-----+--------+
         Total |   7604 |   7473 |    131 |    208 |   5319 |  12 |  633.7 |
       Dungeon |   6829 |   6711 |    118 |    208 |   4835 |  10 |  682.9 |
        Temple |     60 |     47 |     13 |      0 |     34 |   1 |   60.0 |
         Sewer |    714 |    714 |      0 |      0 |    450 |   1 |  714.0 |
               +--------+--------+--------+--------+--------+-----+--------+

Top non-repeatable levels by time:
     D:5: 1124 daAuts
     D:1: 1101 daAuts
     D:4: 1020 daAuts
     D:6: 875 daAuts
     D:3: 783 daAuts
   Sewer: 714 daAuts
     D:2: 684 daAuts
     D:7: 495 daAuts
     D:8: 371 daAuts
    D:10: 341 daAuts
  Temple: 60 daAuts
     D:9: 30 daAuts

Table legend:
 A = Kills in this place as a percentage of kills in entire the game.
 B = Kills by you in this place as a percentage of kills by you in the entire game.
 C = Kills by friends in this place as a percentage of kills by friends in the entire game.
 D = Other kills in this place as a percentage of other kills in the entire game.
 E = Experience gained in this place as a percentage of experience gained in the entire game.
 F = Experience gained in this place divided by the number of levels of this place that you have seen.
                   A       B       C       D       E      F
               +-------+-------+-------+-------+-------+----------------------
         Total | 100.0 | 100.0 |   N/A |   N/A | 100.0 | 494.6
       Dungeon |  79.2 |  79.2 |   N/A |   N/A |  94.6 | 561.4
         Sewer |  20.8 |  20.8 |   N/A |   N/A |   5.4 | 321.0
               +-------+-------+-------+-------+-------+----------------------
